 Dungeon Sprint DCSS version 0.17-a0-1360-g37db002 (webtiles) character file.

135 Kidiri the Covert (level 4, -4/21 HPs)
             Began as a Spriggan Enchanter on June 11, 2015.
             Was an Initiate of Dithmenos.
             Splashed by an oklob sapling wizard's acid (12 damage)
             ... in the Dungeon (Sprint IV: "Fedhas' Mad Dash").
             The game lasted 00:04:29 (1300 turns).

Kidiri the Covert (Spriggan Enchanter)              Turns: 1300, Time: 00:04:30

Health: -4/21      AC: -2    Str:  4    XL:     4   Next: 97%
Magic:  11/13      EV: 23    Int: 16    God:    Dithmenos [......]
Gold:   74         SH:  0    Dex: 17    Spells: 5 memorised, 3 levels left

rFire  . . .     SeeInvis +     a - +1 dagger
rCold  . . .     Clarity  .     b - +1 robe
rNeg   . . .     SustAt   .     (shield restricted)
rPois  .         Gourm    .     (helmet restricted)
rElec  .         Spirit   .     (no cloak)
rCorr  .         Warding  .     (gloves unavailable)
rMut   .         NoTele   +     (boots unavailable)
MR     +....                    (no amulet)
Stlth  +++++.....               l - ring of invisibility
                                k - ring of protection from magic

@: corroded equipment, very slightly contaminated, invisible, very quick,
somewhat resistant to hostile enchantments, quite stealthy
A: unfitting armour, see invisible, herbivore 3, speed 3, slow metabolism 2
a: Renounce Religion, Turn Visible


You were in the Dungeon.
You worshipped Dithmenos.
Dithmenos was noncommittal.
You were full.

You visited 1 branch You collected 74 gold pieces.

Inventory:

Hand weapons
 a - a +1 dagger (weapon)
Armour
 b - a +1 robe (worn)
Jewellery
 k - a ring of protection from magic (left hand)
 l - a ring of invisibility (right hand)
Scrolls
 i - a scroll of identify {unknown}
 j - a scroll of blinking
Potions
 e - a potion of curing
 f - a potion of heal wounds
 g - a potion of haste
 h - 2 potions of magic
Books
 c - a book of Maledictions

   Spells                             Type                      Level
   a - Corona                         Hexes                        1
   b - Ensorcelled Hibernation        Hexes/Ice                    2
   c - Confuse                        Hexes                        3
   d - Tukima's Dance                 Hexes                        3
   e - Dazzling Spray                 Conjuration/Hexes            3


   Skills:
 + Level 3.5 Short Blades
 * Level 7.2 Dodging
 * Level 8.5 Stealth
 * Level 6.0 Spellcasting
 + Level 5.2 Hexes
 + Level 1.9 Ice Magic
 + Level 0.8 Invocations
 + Level 2.2 Evocations


You had 3 spell levels left.
You knew the following spells:

 Your Spells              Type           Power        Failure   Level  Hunger
a - Corona                Hex            ###....      1%          1    None
b - Ensorcelled Hibernat  Hex/Ice        ###...       6%          2    #......
c - Confuse               Hex            ###.....     6%          3    ##.....
d - Tukima's Dance        Hex            ###.....     6%          3    ##.....
e - Dazzling Spray        Conj/Hex       ##......     14%         3    ##.....


Dungeon Overview and Level Annotations

Branches:
Dungeon (1/1)

Altars:
Cheibriados
Dithmenos
Elyvilon
Gozag
Kikubaaqudgha
Makhleb
Nemelex Xobeh
Okawaru
Qazlal
Ru
Sif Muna
Trog
Vehumet
Xom
Yredelemnul
Zin
The Shining One
Beogh
Jiyva
Lugonu

Annotations:
D exclusion: oklob sapling


Innate Abilities, Weirdness & Mutations

You are tiny and cannot use many weapons and most armour.
You have supernaturally acute eyesight.
You are a herbivore.
You cover ground extremely quickly.
You need consume almost no food.


Message History

You fade into invisibility!
You are very lightly contaminated with residual magic.
You feel quite a bit less full.
You open the door.
Marking area around the oklob sapling wizard as unsafe for travelling.
An oklob sapling wizard comes into view.
Found 19 bolts and a scroll labeled PEQI KECKO.
There is an open door here.
You hit the oklob sapling wizard but do no damage.
You hit the oklob sapling wizard but do no damage.
The oklob sapling wizard spits acid at you.
The splash of acid misses you.
You hit the oklob sapling wizard.
The oklob sapling wizard is lightly damaged.
The oklob sapling wizard spits acid at you.
The splash of acid hits you!
Ouch! That really hurt!
The acid corrodes you!
The acid burns!
Ouch! That really hurt!
You die...

###################
.#.⌠.........⌠.#.(+
.'._._._._._._.'@P#
.#_._._._._._._#..#
##._._._._._._.#.?#
.#.⌠...._....⌠.####
.############### ##


You could see an oklob sapling wizard.

Vanquished Creatures
  A worker ant (D)
  3 oklob saplings (D)
  A river rat (D)
  A rat (D)
6 creatures vanquished.

Notes
Turn   | Place    | Note
--------------------------------------------------------------
     0 | D        | Kidiri the Spriggan Enchanter began the quest for the Orb.
     0 | D        | Reached XP level 1. HP: 9/9 MP: 5/5
    20 | D        | Reached skill level 5 in Stealth
   119 | D        | Reached XP level 2. HP: 13/13 MP: 5/7
   126 | D        | Learned a level 2 spell: Ensorcelled Hibernation
   140 | D        | Noticed an oklob sapling
   142 | D        | Killed an oklob sapling
   142 | D        | Reached skill level 5 in Dodging
   142 | D        | Reached skill level 6 in Stealth
   142 | D        | Reached XP level 3. HP: 16/16 MP: 7/9
   147 | D        | Learned a level 3 spell: Confuse
   151 | D        | Learned a level 3 spell: Tukima's Dance
   152 | D        | Noticed a worker ant
   676 | D        | Killed a worker ant
   676 | D        | Reached skill level 7 in Stealth
   676 | D        | Reached skill level 1 in Ice Magic
   947 | D        | Found a snail-covered altar of Cheibriados.
   947 | D        | Found a glowing silver altar of Zin.
   947 | D        | Found a white marble altar of Elyvilon.
   947 | D        | Found a viscous altar of Jiyva.
   947 | D        | Found a radiant altar of Vehumet.
   947 | D        | Found a deep blue altar of Sif Muna.
   947 | D        | Found an ancient bone altar of Kikubaaqudgha.
   947 | D        | Found a bloodstained altar of Trog.
   947 | D        | Found a corrupted altar of Lugonu.
   947 | D        | Noticed an oklob sapling priest
   948 | D        | Found a burning altar of Makhleb.
   948 | D        | Found a sacrificial altar of Ru.
   949 | D        | Found a glowing golden altar of the Shining One.
   949 | D        | Found a sparkling altar of Nemelex Xobeh.
   950 | D        | Found a shadowy altar of Dithmenos.
   951 | D        | Found a shimmering altar of Xom.
   951 | D        | Found an iron altar of Okawaru.
   952 | D        | Found an opulent altar of Gozag.
   953 | D        | Found a roughly hewn altar of Beogh.
   953 | D        | Found a basalt altar of Yredelemnul.
   954 | D        | Killed an oklob sapling priest
   954 | D        | Reached skill level 8 in Stealth
   954 | D        | Reached skill level 5 in Spellcasting
   954 | D        | Reached skill level 5 in Hexes
   954 | D        | Reached skill level 1 in Evocations
   954 | D        | Reached XP level 4. HP: 21/21 MP: 8/12
   955 | D        | Found a stormy altar of Qazlal.
   961 | D        | Became a worshipper of Dithmenos the Shadowed
   966 | D        | Learned a level 3 spell: Dazzling Spray
   995 | D        | Noticed an oklob sapling
  1192 | D        | Killed an oklob sapling
  1205 | D        | Noticed a queen bee
  1205 | D        | Noticed a killer bee
  1206 | D        | Noticed a killer bee
  1295 | D        | Noticed an oklob sapling wizard
  1300 | D        | Splashed by an oklob sapling wizard's acid

Vault maps used:
D:        dungeon_sprint_fedhas

Action                   |  1- 3 |  4- 6 || total
-------------------------+-------+-------++-------
Melee: Dagger            |    14 |     6 ||    20
 Cast: Corona            |     3 |       ||     3
       Ensorcelled Hiber |     5 |     1 ||     6
       Confuse           |     2 |       ||     2
 Abil: Evoke Invisibilit |     1 |     3 ||     4
  Use: Potion            |     1 |       ||     1
 Stab: Sleeping          |     2 |       ||     2
       Invisible         |       |     1 ||     1
  Eat: Bread ration      |       |     1 ||     1
